 Dungeon Crawl Stone Soup version 0.17.0 (webtiles) character file.

198 Eucla the Chopper (level 5, -5/46 HPs)
             Began as a Minotaur Gladiator on Nov 12, 2015.
             Was a Follower of Makhleb.
             Slain by a two-headed ogre
             ... wielding a +0 giant spiked club
             ... created by the fury of Okawaru
              (14 damage)
             ... in an ossuary.
             The game lasted 00:07:37 (2544 turns).

Eucla the Chopper (Minotaur Gladiator)              Turns: 2544, Time: 00:07:37

Health: -5/46      AC:  5    Str: 19    XL:     5   Next: 47%
Magic:  13/13      EV: 12    Int:  5    God:    Makhleb [*.....]
Gold:   129        SH:  0    Dex: 12    Spells: 0 memorised, 4 levels left

rFire  . . .     SeeInvis .     a - +1 war axe
rCold  . . .     Clarity  .     w - +0 ring mail
rNeg   . . .     SustAt   .     (no shield)
rPois  .         Gourm    .     c - +0 hat
rElec  .         Spirit   .     (no cloak)
rCorr  .         Warding  .     (no gloves)
rMut   .         Stasis   .     (no boots)
MR     .....                    (no amulet)
Stlth  +.........               (no ring)
                                k - ring of magical power

@: not resistant to hostile enchantments, very unstealthy
A: retaliatory headbutt, horns 2
a: Renounce Religion


You were in an ossuary.
You worshipped Makhleb.
Makhleb was aware of your devotion.
You were not hungry.

You visited 1 branch of the dungeon, and saw 4 of its levels.
You also visited: Ossuary.

You collected 129 gold pieces.

Inventory:

Hand Weapons
 a - a +1 war axe (weapon)
Missiles
 d - 2 throwing nets (quivered)
Armour
 b - a +0 leather armour
 c - a +0 hat (worn)
 w - a +0 ring mail (worn)
Jewellery
 k - a ring of magical power (left hand)
Scrolls
 h - 2 scrolls of teleportation
 j - a scroll of enchant weapon
 l - a scroll of remove curse
 m - 7 scrolls of identify {unknown}
 n - 2 scrolls of blinking {unknown}
Potions
 f - a potion of poison {unknown}
 g - a potion of might {unknown}
 i - a potion of brilliance {unknown}
 o - a potion of resistance {unknown}
 t - a potion of haste {unknown}
 u - a potion of ambrosia {unknown}
 v - a potion of invisibility {unknown}
Comestibles
 e - 2 bread rations
 r - 2 fruits
 s - a beef jerky


   Skills:
 + Level 4.2 Fighting
 + Level 4.7 Axes
 - Level 2.0 Throwing
 + Level 2.7 Armour
 + Level 4.5 Dodging


You had 4 spell levels left.
You didn't know any spells.

Dungeon Overview and Level Annotations

Branches:
Dungeon (4/15)             Temple (0/1) D:4

Altars:
Fedhas
Makhleb
Okawaru
The Shining One

Annotations:
D:4 Blork the orc


Innate Abilities, Weirdness & Mutations

You reflexively headbutt those who attack you in melee.
You have a pair of horns on your head.


Message History

Unknown command.
Unknown command.
Throwing (i - inventory):
d - 3 throwing nets (quivered)
Press: ? - help, Shift-Dir - straight line, f - ogre
Aim: an ogre, wielding a giant spiked club (durably summoned)
You throw a throwing net. The throwing net hits the ogre.
The ogre is caught in the net!
The ogre struggles against the net.
You hit the ogre but do no damage.
The ogre struggles against the net.
Unknown command.
You slash the ogre! You headbutt the ogre!
The ogre is severely wounded.
The ogre struggles against the net.
Unknown command.
You slash the ogre! You headbutt the ogre.
You kill the ogre!
That felt strangely unrewarding.
The two-headed ogre completely misses you.
You furiously retaliate!
You headbutt the two-headed ogre!
The two-headed ogre hits you with a giant club!
You die...

#+#
#@#
##O##
#.∩.#
#.∩.#
#####


You could see a two-headed ogre.

Vanquished Creatures
  2 ogres
  A hound (D:3)
  A worker ant (D:4)
  A mummy (D:4)
  7 gnolls
  6 adders
  A giant gecko (D:2)
  2 orcs
  3 bats (D:2)
  9 goblins
  10 hobgoblins
  5 kobolds
  3 giant cockroaches
  4 giant newts
  A hobgoblin zombie (D:4)
  3 jackals (D:2)
  3 quokkas
  5 rats
67 creatures vanquished.

Notes
Turn   | Place    | Note
--------------------------------------------------------------
     0 | D:1      | Eucla the Minotaur Gladiator began the quest for the Orb.
     0 | D:1      | Reached XP level 1. HP: 18/18 MP: 0/0
   272 | D:1      | Reached XP level 2. HP: 21/26 MP: 1/1
   577 | D:2      | Found an iron altar of Okawaru.
   587 | D:2      | Reached skill level 1 in Armour
   590 | D:2      | Became a worshipper of Warmaster Okawaru
   626 | D:2      | Reached XP level 3. HP: 26/31 MP: 2/2
   632 | D:2      | Found a burning altar of Makhleb.
   700 | D:2      | Fell from the grace of Okawaru
   738 | D:2      | Became a worshipper of Makhleb the Destroyer
  1045 | D:2      | Found a blossoming altar of Fedhas.
  1149 | D:2      | Reached skill level 4 in Axes
  1488 | D:3      | Reached XP level 4. HP: 37/40 MP: 3/3
  1554 | D:3      | Reached * piety under Makhleb
  1668 | D:3      | Found a glowing golden altar of the Shining One.
  1878 | D:3      | Noticed an ogre
  1882 | D:3      | Killed an ogre
  2075 | D:3      | Reached XP level 5. HP: 46/46 MP: 4/4
  2097 | D:4      | Noticed a phantom
  2100 | D:4      | Noticed Blork the orc
  2154 | D:4      | Found a staircase to the Ecumenical Temple.
  2204 | D:4      | Found a sand-covered staircase.
  2208 | D:4      | HP: 2/46 [mummy (18)]
  2273 | D:4      | Noticed a two-headed ogre
  2273 | D:4      | Noticed an orc warrior
  2277 | Ossuary  | Entered an ossuary
  2536 | Ossuary  | Noticed a two-headed ogre
  2536 | Ossuary  | Noticed an ogre
  2544 | Ossuary  | Killed an ogre
  2544 | Ossuary  | Slain by a two-headed ogre

Action                   |  1- 3 |  4- 6 || total
-------------------------+-------+-------++-------
Melee: War axe           |    80 |    71 ||   151
Throw: Throwing net      |       |     1 ||     1
Invok: Renounce Religion |     1 |       ||     1
  Use: Potion            |     1 |     2 ||     3
       Scroll            |       |     6 ||     6
  Eat: Bread ration      |     1 |       ||     1
       Chunk             |     1 |       ||     1
